 Dungeon Crawl Stone Soup version 0.17.1-3-g152610e (webtiles) character file.

12 Charly the Insei (level 2, -2/14 HPs)
             Began as a Vine Stalker Transmuter on Apr 26, 2016.
             Killed from afar by Ijyb (7 damage)
             ... with a wand of frost
             ... on level 2 of the Dungeon.
             The game lasted 00:03:51 (254 turns).

Charly the Insei (Vine Stalker Transmuter)           Turns: 254, Time: 00:03:52

Health: -2/14      AC:  2    Str: 12    XL:     2   Next: 33%
Magic:  0/6        EV: 12    Int: 13    God:
Gold:   34         SH:  0    Dex: 14    Spells: 2 memorised, 2 levels left

rFire  . . .     SeeInvis .       - Unarmed
rCold  . . .     Clarity  .     b - +0 robe
rNeg   . . .     SustAt   .     (no shield)
rPois  .         Gourm    .     (no helmet)
rElec  .         Spirit   +     (no cloak)
rCorr  .         Warding  .     (no gloves)
rMut   .         Stasis   .     (no boots)
MR     .....                    (no amulet)
Stlth  +.........               (no ring)
                                (no ring)

@: not resistant to hostile enchantments, very unstealthy
A: fangs 2, regeneration 1, magic shield, antimagic bite, no device heal 3, rot
immunity
a: no special abilities


You were on level 2 of the Dungeon.
You were not hungry.

You visited 1 branch of the dungeon, and saw 2 of its levels.

You collected 34 gold pieces.

Inventory:

Missiles
 a - 11 arrows
Armour
 b - a +0 robe (worn)
Scrolls
 f - a scroll of remove curse {unknown}
 g - a scroll of amnesia {unknown}
Potions
 e - a potion of heal wounds {unknown}
Books
 c - a book of Changes

   Spells                             Type                      Level
   a - Beastly Appendage              Transmutation                1
   b - Sticks to Snakes               Transmutation                2
   c - Spider Form                    Transmutation/Poison         3
   d - Ice Form                       Ice/Transmutation            4
   e - Blade Hands                    Transmutation                5
Comestibles
 d - a bread ration


   Skills:
 - Level 0.8 Fighting
 - Level 1.5 Dodging
 + Level 3.3 Unarmed Combat
 - Level 2.1 Spellcasting
 + Level 2.5 Transmutations


You had 2 spell levels left.
You knew the following spells:

 Your Spells              Type           Power        Failure   Level  Hunger
b - Beastly Appendage     Trmt           #.....       10%         1    ##.....
s - Sticks to Snakes      Trmt           #.........   14%         2    ###....


Dungeon Overview and Level Annotations

Branches:
Dungeon (2/15)

Altars:

Annotations:
D:2 Ijyb


Innate Abilities, Weirdness & Mutations

You have extremely sharp teeth.
Your natural rate of healing is unusually fast.
When hurt, damage is shared between your health and your magic reserves.
Your bite disrupts and absorbs the magic of your enemies.
Potions and wands cannot restore your health.
You are immune to rotting.


Message History

Your ball python constricts Ijyb.
Ijyb misses you.
You hit Ijyb.
Ijyb is moderately wounded.
Your ball python bites Ijyb but does no damage.
Your ball python constricts Ijyb.
Ijyb barely misses you.
You barely miss Ijyb. You bite Ijyb, but do no damage.
Ijyb is moderately wounded.
Your ball python barely misses Ijyb.
Your ball python constricts Ijyb.
Ijyb barely misses you.
You hit Ijyb but do no damage.
Ijyb is moderately wounded.
Your ball python barely misses Ijyb.
Your ball python constricts Ijyb.
Ijyb hits you with a dagger.
* * * LOW HITPOINT WARNING * * *
You hit Ijyb but do no damage. You bite Ijyb, but do no damage.
Ijyb is heavily wounded.
Your ball python bites Ijyb but does no damage.
Your ball python constricts Ijyb.
Ijyb zaps a wand.
The puff of frost hits you!
Ouch! That really hurt!
You die...

#..†..#.#......
#.....#......# .
#..(.....#... ..
#.....#...#.##...
#.#...#.##......
...#.##......#.#
#.##......#...# #
#.....#...#S##..#..
##...#.###@g....$.
.. #......#....#. .
....#...#.####
.....#.##. # ... ..
. ... ## #.. #.#


You could see Ijyb and a friendly ball python.

Vanquished Creatures
  4 jackals (D:1)
  A goblin (D:1)
  A kobold (D:1)
  A rat (D:1)
7 creatures vanquished.

Vanquished Creatures (collateral kills)
  An adder (D:2)
1 creature vanquished.

Grand Total: 8 creatures vanquished

Notes
Turn   | Place    | Note
--------------------------------------------------------------
     0 | D:1      | Charly the Vine Stalker Transmuter began the quest for the Orb.
     0 | D:1      | Reached XP level 1. HP: 9/9 MP: 4/4
    50 | D:1      | Reached XP level 2. HP: 7/14 MP: 3/6
    54 | D:1      | Learned a level 2 spell: Sticks to Snakes
   243 | D:2      | Noticed Ijyb
   254 | D:2      | Killed from afar by Ijyb

Action                   || total
-------------------------++-------
Melee: Unarmed           ||    45
 Cast: Beastly Appendage ||     1
       Sticks to Snakes  ||     1
